Map: Dusty Gorge

Players

OpuS - Winner!

  • Race: Protoss Protoss
  • League: Platinum
  • Spawn Location: 11:00

Sketchaphone - Winner!

  • Race: Zerg Zerg
  • League: Platinum
  • Spawn Location: 9:00

Tarot

  • Race: Protoss Protoss
  • Spawn Location: 5:00

maddog

  • Race: Protoss Protoss
  • Spawn Location: 3:00

VOD

Have the link to the VOD?

Description

Time

  • Played on: Feb. 21, 2019, 9:10 p.m.
  • Length: 6:13
Show
View Real Time Build Order
Export as new Build Order

OpuS Protoss - Winner!

Build Orders:  

Get SALT Encoding   

  12  0:01  Probe  
  13  0:13  Probe  
  14  0:19  Pylon  
  14  0:25  Probe  
  15  0:37  Probe  
  15  0:40  Gateway  
  16  0:45  Probe  
  17  0:53  Probe  
  17  0:57  Assimilator  
  17  0:59  Assimilator  
  18  1:09  Probe  
  19  1:15  Gateway  
  19  1:21  Probe  
  20  1:33  Probe  
  20  1:39  Cybernetics Core  
  21  1:45  Probe  
  22  1:51  Pylon  
  22  1:57  Probe  
  23  2:09  Probe  
  23  2:15  Warp Gate  
  24  2:18  Stalker x2  
  24  2:21  Probe  
  28  2:25  Pylon  
  28  2:29  Probe  
  29  3:01  Stalker x2  
  29  3:04  Robotics Facility  
  33  3:12  Gateway  
  33  3:30  Nexus  
  33  3:41  Immortal  
  33  3:47  Forge  
  37  3:57  Pylon  
  37  3:59  Pylon  
  37  4:07  Stalker  
  39  4:16  Stalker  
  41  4:39  Stalker x2  
  41  4:40  Stalker  
  47  4:55  Immortal  
  47  4:58  Probe x2  
  53  5:10  Probe  
  53  5:11  Probe  
  55  5:16  Twilight Council  
  55  5:29  Probe x2  
  57  5:41  Probe  
  58  5:45  Probe  
  63  5:53  Probe  
  64  6:00  Probe  
Show
View Real Time Build Order
Export as new Build Order

Sketchaphone Zerg - Winner!

Build Orders: Hatch First 

Get SALT Encoding   

  12  0:02  Drone  
  13  0:12  Overlord  
  13  0:19  Drone  
  14  0:22  Extractor  
  14  0:24  Drone  
  15  0:33  Drone  
  16  0:38  Drone  
  17  1:00  Drone  
  17  1:02  Hatchery  
  17  1:04  Extractor  
  16  1:05  Drone  
  17  1:47  Spawning Pool, Drone  
  17  1:58  Drone  
  17  1:59  Drone  
  19  2:02  Hatchery  
  19  2:06  Overlord  
  18  2:13  Evolution Chamber  
  18  2:14  Drone  
  18  2:19  Drone  
  19  2:26  Drone  
  20  2:32  Drone x2  
  22  2:41  Metabolic Boost  
  22  2:45  Zerg Melee Weapons Level 1  
  22  2:55  Queen  
  24  2:58  Drone  
  25  3:06  Zergling x4  
  25  3:07  Zergling x2  
  25  3:10  Drone  
  29  3:13  Zergling x2  
  29  3:16  Zergling x2  
  29  3:19  Zergling x2  
  32  3:33  Lair  
  32  3:38  Zergling x8  
  36  3:42  Drone  
  36  3:46  Overlord  
  38  3:55  Zergling x2  
  38  3:56  Zergling x4  
  38  3:58  Zergling x2  
  38  4:02  Zergling x2  
  42  4:04  Overlord  
  42  4:09  Zergling x2  
  43  4:16  Zergling x6  
  46  4:17  Zergling x2  
  46  4:25  Zergling x6  
  42  4:51  Zergling x2  
  41  4:53  Queen  
  41  4:54  Zergling x2  
  41  4:58  Spire, Zergling x8  
  45  5:10  Zergling x10  
  45  5:13  Drone  
  47  5:25  Zergling x8  
  47  5:34  Queen  
  45  5:36  Zergling x4  
  45  5:55  Zergling x6  
  45  5:56  Zergling x4  
Show
View Real Time Build Order
Export as new Build Order

Tarot Protoss 

Build Orders:  

Get SALT Encoding   

  12  0:01  Probe  
  13  0:20  Pylon  
  13  0:21  Probe  
  14  0:32  Probe  
  15  0:40  Probe  
  15  0:48  Probe  
  17  1:02  Probe  
  18  1:08  Nexus  
  18  1:15  Probe  
  19  1:23  Gateway  
  19  1:30  Assimilator  
  19  1:35  Assimilator  
  19  1:41  Probe  
  19  1:44  Pylon  
  20  1:53  Probe  
  21  2:05  Probe  
  22  2:11  Cybernetics Core  
  22  2:16  Gateway  
  22  2:23  Pylon  
  22  2:26  Probe x2  
  24  2:31  Warp Gate  
  24  2:34  Probe x2  
  26  2:44  Gateway  
  26  2:46  Gateway  
  26  2:52  Probe  
  26  2:53  Probe  
  28  3:06  Robotics Facility  
  28  3:07  Probe  
  29  3:14  Probe  
  29  3:19  Probe  
  31  3:20  Shield Battery  
  31  3:24  Shield Battery  
  31  3:26  Probe  
  32  3:31  Probe  
  33  3:38  Stalker, Probe  
  33  3:40  Stalker  
  38  3:43  Sentry  
  38  3:44  Probe  
  41  3:50  Probe, Assimilator  
  42  3:56  Pylon  
  42  3:59  Probe  
  42  4:02  Probe, Observer  
  45  4:07  Stalker  
  47  4:19  Stalker  
  49  4:42  Stalker  
  49  4:43  Stalker x2  
  34  4:56  Stalker  
  28  5:13  Stalker  
  28  5:14  Stalker  
Show
View Real Time Build Order
Export as new Build Order

maddog Protoss 

Build Orders: 1 Gate Expand 

Get SALT Encoding   

  12  0:02  Probe  
  13  0:14  Probe  
  13  0:20  Pylon  
  14  0:26  Probe  
  15  0:38  Probe  
  16  0:43  Gateway  
  16  1:22  Forge  
  16  1:24  Nexus  
  16  1:32  Pylon  
  16  1:42  Probe  
  17  1:54  Probe  
  17  1:58  Photon Cannon  
  18  2:06  Probe  
  19  2:09  Assimilator  
  19  2:11  Zealot  
  19  2:13  Assimilator  
  21  2:28  Pylon  
  21  2:30  Photon Cannon  
  20  3:07  Pylon  
  20  3:08  Probe  
  20  3:10  Probe  
  22  3:20  Probe  
  22  3:21  Cybernetics Core  
  22  3:22  Probe  
  24  3:32  Probe  
  26  3:34  Probe  
  26  3:44  Probe, Gateway  
  26  3:45  Gateway  
  26  3:46  Probe  
  26  3:48  Gateway  
  28  3:56  Probe  
  28  3:58  Probe  
  32  4:10  Zealot, Probe  
  33  4:18  Warp Gate  
  33  4:37  Zealot  
  33  4:49  Zealot x3  
  39  5:00  Probe  
  39  5:04  Zealot  
  40  5:12  Probe  
  40  5:13  Gateway  
  41  5:15  Gateway  
  41  5:16  Zealot x2  
  41  5:18  Pylon  
  41  5:19  Pylon  
  45  5:21  Pylon  
  45  5:24  Probe  
  46  5:36  Zealot  
  40  5:57  Pylon  
  40  6:08  Zealot x3  
  40  6:09  Zealot x2  
Tags
 
Add a new tag
Caveats
  • Supply blocks, unpowered buildings, or Contaminate may cause inaccurate times.
  • Supply counts are checked every 10 seconds.